 Dungeon Crawl Stone Soup version 0.31-a0-981-geadf994542 (webtiles) character file.

Game seed: 13918746184418654512

1220 AIAndy the Mimic (level 8, -5/45 HPs)
             Began as an Octopode Shapeshifter on Nov 1, 2023.
             Was a Believer of Hepliaklqana.
             Killed from afar by an electric eel (13 damage)
             ... with a bolt of electricity
             ... on level 6 of the Dungeon.
             The game lasted 00:10:00 (4021 turns).

AIAndy the Mimic (Octopode Shapeshifter)            Turns: 4021, Time: 00:10:00

Health: -5/45      AC:  9    Str: 19    XL:     8   Next: 47%
Magic:  8/8        EV: 23    Int: 23    God:    Hepliaklqana [**....]
Gold:   241        SH:  5    Dex:  8    Spells: 7/7 levels left

rFire   . . .        k - +8 whip of Success {freeze, rC+++ Str+4 Int+5 Dex-4}
rCold   + + +        (no shield)
rNeg    . . .        (helmet currently unavailable)
rPois   .            h - amulet of reflection
rElec   .            O - +4 ring of protection
rCorr   .            E - +5 ring of evasion
SInv    .            I - +6 ring of intelligence
Will    .....        o - +4 ring of protection
Stlth   ++           e - +5 ring of evasion
HPRegen 0.27/turn    (no ring)
MPRegen 0.11/turn    (no ring)
                     (no ring)

%: reflection
@: beast-form
A: beast (slay +4), reduced essence, almost no armour, amphibious, 8 rings,
camouflage 1, gelatinous body 1, (nimble swimmer 1), tentacles
a: Begin Untransformation, Renounce Religion, Recall Ancestor, Ancestor Identity


You were on level 6 of the Dungeon.
You worshipped Hepliaklqana.
Hepliaklqana was pleased with you.
You were a hulking beast.
You visited 1 branch of the dungeon, and saw 6 of its levels.

You collected 241 gold pieces.


Innate Abilities, Weirdness & Mutations

You are a hulking beast.
Your limbs bulge with bestial killing power. (Slay +4)
Your life essence is reduced to manifest your ancestor. (-10% HP)
You cannot wear most types of armour.
You are amphibious.
You can wear up to eight rings at the same time.
Your skin changes colour to match your surroundings (Stealth+).
Your rubbery body absorbs attacks. (AC +1, EV +1)
((You are camouflaged when in or above water. (Stealth+)))
You have tentacles for arms and can constrict up to eight enemies at once.


   Skills:
 - Level 2.0 Fighting
 - Level 3.0 Maces & Flails
 - Level 2.0 Dodging
 - Level 3.5 Unarmed Combat
 + Level 8.8 Shapeshifting


You had 7 spell levels left.
You didn't know any spells.
Your spell library contained the following spells:

 Spells                   Type           Power      Damage    Failure   Level
 Cigotuvi's Dreadful Rot  Necr/Pois/Air  0%         N/A       24%         2
 Ozocubu's Armour         Ice            0%         N/A       43%         3
 Dispel Undead            Necr           0%         3d6       83%         4
 Death Channel            Necr           0%         N/A       100%        6
 Ozocubu's Refrigeration  Ice            0%         4d7       100%        7

Inventory:

Hand Weapons
 k - the +8 whip of Success (weapon) {freeze, rC+++ Str+4 Int+5 Dex-4}
   (You found it on level 2 of the Dungeon)

   Str+4:     It affects your strength (+4).
   Int+5:     It affects your intelligence (+5).
   Dex-4:     It affects your dexterity (-4).
   rC+++:     It renders you almost immune to cold.
Jewellery
 e - a +5 ring of evasion (on tentacle)
 h - an amulet of reflection (around mantle)
 o - a +4 ring of protection (on tentacle)
 E - a +5 ring of evasion (right tentacle)
 I - a +6 ring of intelligence (on tentacle)
 O - a +4 ring of protection (left tentacle)
Talismans
 b - a beast talisman
 c - a flux talisman
 p - a blade talisman
Wands
 v - a wand of roots (9)
 w - a wand of paralysis (4)
Scrolls
 d - 2 scrolls of amnesia {unknown}
 j - a scroll of fog {unknown}
 q - a scroll of immolation {unknown}
 r - a scroll of teleportation {unknown}
 s - 2 scrolls of identify {unknown}
 u - a scroll of fear {unknown}
 z - a scroll of vulnerability {unknown}
 A - a scroll of poison {unknown}
Potions
 a - a potion of lignification {!q}
 f - 3 potions of curing {unknown}
 g - 4 potions of attraction {unknown}
 i - a potion of might {unknown}
 l - a potion of resistance {unknown}
 m - a potion of haste {unknown}
 n - 2 potions of enlightenment {unknown}
 t - a potion of heal wounds {unknown}
 x - a potion of brilliance {unknown}
 y - 2 potions of mutation {unknown}

Dungeon Overview and Level Annotations

Branches:
Dungeon (6/15)
 Temple: D:4-7

Altars:
Fedhas
Gozag
Hepliaklqana
Makhleb
Uskayaw

Shops:
D:4 *

Annotations:
D:3 2 transporters
D:5 1 runed translucent door, Crazy Yiuf

.............. .###
###..
.....~..~..~#######
#..
~~~S~P~~≈≈≈≈≈≈≈≈≈≈##
#..
~~~~≈≈≈≈≈≈≈≈≈≈≈≈†≈≈#
#..
≈≈≈≈≈≈≈R~P~P≈≈≈#####
### .~P~PP~~≈~.P.####
~.S..P.P~.......####
##
..!................#
###.
#.####.##h########.#
##... .
#.........###.###..##
#########...........#
...............
###############


You could see the friendly Ntombi the battlemage and 2 electric eels.


Message History

The iguana is severely wounded.
Ntombi casts a spell at the iguana.
The stone arrow hits the iguana!
The iguana dies!
You now have 241 gold pieces (gained 7).
An electric eel comes into view.
Found 2 viscous inky potions.
The electric eel shoots out a bolt of lightning at you!
The bolt of electricity hits you.
You enter the shallow water.
The electric eel shoots out a bolt of lightning at you!
The bolt of electricity hits you!
An electric eel comes into view.
The electric eel shoots out a bolt of lightning at you!
The bolt of electricity hits you!
* * * LOW HITPOINT WARNING * * *
The electric eel shoots out a bolt of lightning at you!
The bolt of electricity hits the plant!
The plant begins to die.
The bolt of electricity hits the plant!
The plant begins to die.
The bolt of electricity hits you!
* * * LOW HITPOINT WARNING * * *
The electric eel shoots out a bolt of lightning at you!
The bolt of electricity hits you.
* * * LOW HITPOINT WARNING * * *
Ntombi gestures at the electric eel while chanting.
The puff of frost hits the electric eel!
The electric eel shoots out a bolt of lightning at you!
The bolt of electricity hits the plant!
The plant begins to die.
The bolt of electricity hits you!
You die...

Skill      XL: |  1  2  3  4  5  6  7  8 |
---------------+-------------------------+-----
Maces & Flails | 1 2 3 |  3.0
Shapeshifting  | 4 5 6 7 8 |  8.8
Fighting       | 2 |  2.0
Dodging        | |  2.0
Unarmed Combat | |  3.5

Action                     |  1- 3 |  4- 6 |  7- 9 || total
---------------------------+-------+-------+-------++-------
  Melee: Unarmed           |    38 |       |       ||    38
         Constrict         |    17 |    10 |    16 ||    43
         Whip              |    31 |    65 |    56 ||   152
         Tentacles         |     4 |     9 |    10 ||    23
         Punch             |       |     3 |     1 ||     4
 Invoke: Ancestor Life: Ba |       |       |     1 ||     1
   Stab: Sleeping          |     9 |     5 |     4 ||    18
 Armour: Skin              |    23 |    13 |    22 ||    58
  Dodge: Dodged            |    22 |    43 |    17 ||    82
  Block: Other             |    11 |    10 |    12 ||    33
         Reflection        |       |     2 |       ||     2

Levels and vault maps discovered:
D:1:      dpeg_chamrin_arrival_tetris, layout_basic
D:2:      minmay_spotlight, layout_basic, ebering_ecumenical_altar_rust,
          kennysheep_crisscross, corner_web_ring
D:3:      gammafunk_steamed_eel, layout_loops_cross,
          nicolae_hepliaklqana_hippocampus, palyth_stone_intersect,
          hellmonk_no_cap
D:4:      layout_basic, nicolae_gozag_zags_fifth_avenue, minmay_vboxes,
          uniq_edmund
D:5:      layout_cave_pods, mainiacjoe_overflow_small_starburst,
          nicolae_overflow_two_pavilions, lightli_ossuary_entry_decrepit_ruins,
          nicolae_goblin_pals, uniq_crazy_yiuf_cottage, uniq_ijyb
D:6:      layout_rooms, lemuel_temple_firewalk_b, chequers_big_river

Notes
Turn   | Place    | Note
-------+----------+-------------------------------------------
     0 | D:1      | AIAndy the Octopode Shapeshifter began the quest for the
                  | Orb.
     0 | D:1      | Reached XP level 1. HP: 13/13 MP: 1/1
   269 | D:1      | Reached XP level 2. HP: 18/18 MP: 2/2
   931 | D:2      | Found a faded altar of an unknown god.
   961 | D:2      | Identified the +8 whip of Success {freeze, rC+++ Str+4
                  | Int+5 Dex-4}
  1014 | D:2      | Reached XP level 3. HP: 23/23 MP: 3/3
  1275 | D:2      | Reached skill level 1 in Maces & Flails
  1679 | D:3      | Found a transporter.
  1698 | D:3      | Found a transporter.
  1885 | D:3      | Reached XP level 4. HP: 23/28 MP: 4/4
  1887 | D:3      | Reached skill level 2 in Maces & Flails
  1887 | D:3      | Reached skill level 4 in Shapeshifting
  1918 | D:3      | Reached XP level 5. HP: 34/34 MP: 5/5
  1923 | D:3      | Reached skill level 2 in Fighting
  2284 | D:3      | Found a hazy altar of Hepliaklqana.
  2289 | D:3      | Became a worshipper of Hepliaklqana the Forgotten
  2363 | D:4      | Found an opulent altar of Gozag.
  2378 | D:4      | Noticed a phantom
  2391 | D:4      | Killed a phantom
  2392 | D:4      | Reached skill level 3 in Maces & Flails
  2392 | D:4      | Reached skill level 5 in Shapeshifting
  2392 | D:4      | Reached XP level 6. HP: 39/39 MP: 6/6
  2432 | D:4      | Found Gozag's Platinum Reserve.
  2598 | D:4      | Noticed Edmund
  2610 | D:4      | Killed Edmund
  2611 | D:4      | Reached skill level 6 in Shapeshifting
  2611 | D:4      | Reached XP level 7. HP: 30/45 MP: 7/7
  2859 | D:4      | Reached skill level 7 in Shapeshifting
  2974 | D:5      | Entered Level 5 of the Dungeon
  3063 | D:5      | Found a blossoming altar of Fedhas.
  3161 | D:5      | Noticed Ijyb
  3161 | D:5      | Noticed Robin
  3171 | D:5      | Reached XP level 8. HP: 50/50 MP: 8/8
  3172 | D:5      | Paralysed by Ijyb for 5 turns
  3180 | D:5      | Killed Ijyb
  3209 | D:5      | Reached * piety under Hepliaklqana
  3220 | D:5      | Reached skill level 8 in Shapeshifting
  3280 | D:5      | Found a hide-covered altar of Uskayaw.
  3280 | D:5      | Found a burning altar of Makhleb.
  3400 | D:5      | Killed Robin
  3587 | D:5      | Found a sand-covered staircase.
  3750 | D:5      | Found a runed translucent door.
  3751 | D:5      | Noticed Crazy Yiuf
  3994 | D:6      | Reached ** piety under Hepliaklqana
  3995 | D:6      | Remembered your ancestor Ntombi as a battlemage
  4021 | D:6      | Killed from afar by an electric eel

Vanquished Creatures
  Edmund (D:4)
  A water moccasin (D:5)
  An ice beast (D:5)
  An ogre (D:4)
  A phantom (D:4)
  2 scorpions
  An electric eel (D:6)
  A howler monkey (D:5)
  An orc priest (D:3)
  A jelly (D:5)
  2 sleepcaps (D:3)
  A gnoll bouda (D:4)
  2 hounds (D:5)
  Ijyb (D:5)
  An orc wizard (D:4)
  2 iguanas
  Robin (D:5)
  9 gnolls
  2 adders
  A worm (D:4)
  3 dart slugs
  9 orcs
  8 ball pythons
  5 bats
  6 endoplasms
  3 giant cockroaches
  10 hobgoblins
  7 kobolds
  4 quokkas
  4 frilled lizards
  16 goblins
  3 rats
111 creatures vanquished.

Vanquished Creatures (collateral kills)
  An iguana (D:6)
1 creature vanquished.

Grand Total: 112 creatures vanquished

Table legend: (Time is in decaauts)
 A = Elapsed time spent in this place.
 B = Non-inter-level travel time spent in this place.
 C = Inter-level travel time spent in this place.
 D = Time resting spent in this place.
 E = Time spent auto-exploring this place.
 F = Levels seen in this place.
 G = Mean time per level.
                   A        B        C        D        E       F      G
               +--------+--------+--------+--------+--------+-----+--------+
         Total |   4010 |   3882 |    128 |      2 |   3210 |   6 |  668.3 |
       Dungeon |   4010 |   3882 |    128 |      2 |   3210 |   6 |  668.3 |
               +--------+--------+--------+--------+--------+-----+--------+

Top non-repeatable levels by time:
     D:1: 928 daAuts
     D:5: 916 daAuts
     D:3: 725 daAuts
     D:2: 661 daAuts
     D:4: 650 daAuts
     D:6: 127 daAuts

Table legend:
 A = Non-vault XP
 B = Vault XP
 C = Vault XP percentage of total XP
 D = Non-vault monster count
 E = Vault monster count
 F = Vault count percentage of total count
                 A         B        C        D         E       F
            +---------+---------+-------+---------+---------+-------
      Total |    1226 |     517 |  29.7 |      87 |      25 |  22.3
            +---------+---------+-------+---------+---------+-------
        D:1 |      30 |       0 |   0.0 |      16 |       0 |   0.0
        D:2 |      20 |      24 |  54.5 |      12 |       6 |  33.3
        D:3 |     111 |      81 |  42.2 |      18 |       2 |  10.0
        D:4 |     368 |     351 |  48.8 |      25 |      10 |  28.6
        D:5 |     591 |      61 |   9.4 |      13 |       7 |  35.0
        D:6 |     106 |       0 |   0.0 |       3 |       0 |   0.0
            +---------+---------+-------+---------+---------+-------
